 Dungeon Crawl Stone Soup version 0.18.1-47-g9310371 (webtiles) character file.

5603 mikered the Cleaver (level 10, -9/86 HPs)
             Began as a Minotaur Fighter on June 16, 2016.
             Was a Priest of Makhleb.
             Killed from afar by a ynoxinul (27 damage)
             ... with an iron shot
             ... summoned by the player character
             ... on level 11 of the Dungeon.
             The game lasted 00:45:13 (8239 turns).

mikered the Cleaver (Minotaur Fighter)              Turns: 8239, Time: 00:45:14

Health: -9/86      AC:  4    Str: 24    XL:     10   Next: 45%
Magic:  6/9        EV: 13    Int:  5    God:    Makhleb [***...]
Gold:   448        SH: 12    Dex: 10    Spells: 0 memorised, 9 levels left

rFire  . . .     SeeInvis .     a - +1 war axe
rCold  . . .     Gourm    .     o - +1 leather armour {MR+}
rNeg   . . .     Faith    .     c - +1 shield
rPois  .         Spirit   .     x - +0 hat
rElec  .         Dismiss  .     (no cloak)
rCorr  .         Reflect  .     (no gloves)
SustAt .         Harm     .     w - +0 pair of boots
MR     +....                    (no amulet)
Stlth  +.........               (no ring)
                                (no ring)

@: weakened, drained, somewhat resistant to hostile enchantments, very
unstealthy
A: retaliatory headbutt, claws 1, horns 2, deformed body, subdued magic 1,
MP-powered wands
a: Minor Destruction, Lesser Servant of Makhleb, Renounce Religion


You were on level 11 of the Dungeon.
You worshipped Makhleb.
Makhleb was most pleased with you.
You were not hungry.

You visited 2 branches of the dungeon, and saw 12 of its levels.

You collected 564 gold pieces.
You spent 116 gold pieces at shops.

Inventory:

Hand Weapons
 a - a +1 war axe (weapon)
 d - a +0 war axe
Missiles
 e - 9 tomahawks (quivered)
 m - 3 tomahawks of returning
Armour
 c - a +1 shield (worn)
 o - a +1 leather armour of magic resistance (worn)
 w - a +0 pair of boots (worn)
 x - a +0 hat (worn)
Magical Staves
 D - an uncursed staff of summoning {unknown}
Rods
 h - a +0 rod of ignition (13/13)
   (You found it on level 9 of the Dungeon)
Wands
 l - a wand of digging (9/24)
 n - a wand of lightning (8/15)
 p - a wand of confusion (9/48)
 s - a wand of flame (46/48)
 v - a wand of random effects (21/48)
 C - a wand of iceblast (3/15)
Scrolls
 g - 3 scrolls of remove curse
 j - 2 scrolls of identify
 k - 2 scrolls of recharging
 r - 2 scrolls of enchant armour
 t - 2 scrolls of amnesia
 z - 3 scrolls of enchant weapon
Potions
 q - a potion of degeneration
 B - a potion of lignification
Miscellaneous
 E - a plain deck of wonders
Comestibles
 f - 4 bread rations
 i - a meat ration
 u - a beef jerky


   Skills:
 - Level 7.0(6.4) Fighting
 - Level 11.0(10.3) Axes
 - Level 2.0(1.5) Throwing
 + Level 7.5(6.9) Armour
 - Level 8.8(8.2) Dodging
 - Level 8.2(7.6) Shields


You had 9 spell levels left.
You didn't know any spells.

Dungeon Overview and Level Annotations

Branches:
Dungeon (11/15)            Temple (1/1) D:5
   Lair: D:8-11         Orc: D:9-12

Altars:
Ashenzari
Cheibriados
Dithmenos
Elyvilon
Gozag
Kikubaaqudgha
Makhleb
Nemelex Xobeh
Okawaru
Pakellas
Qazlal
Ru
Sif Muna
Trog
Vehumet
Yredelemnul

Shops:
D:4 *   D:9 ?   D:10 :

Annotations:
D:10 Snorg


Innate Abilities, Weirdness & Mutations

You reflexively headbutt those who attack you in melee.
You have a pair of horns on your head.
You have sharp fingernails.
Armour fits poorly on your strangely shaped body.
Your spells are a little easier to cast, but a little less powerful.
You expend magic power (3 MP) to strengthen your wands.


Message History

Okay, then.
That item cannot be evoked!
Evoke which item? (* to show all) (? for menu, Esc to quit)
Zapping:
l - a wand of digging (will waste charges)
Press: ? - help, Shift-Dir - straight line The rock shatters into small pieces.
Evoking this partially-identified wand wasted a few charges.
You block the orange demon's attack.
Your smoke demon barely misses the orange demon.
Your smoke demon hits the orange demon. x2
The ynoxinul hits you but does no damage.
The orange demon stings you from afar!
* * * LOW HITPOINT WARNING * * *
Your smoke demon gestures at the orange demon.
The sticky flame hits the orange demon.
The orange demon is covered in liquid flames!
The orange demon burns!
The ynoxinul gestures at you. The iron shot hits you!
You die...

...##.###...#
#.........#######.
#.###....<........ ##
.........>).##### ##.###
#.# ..#######.#.# .... #.#
..# #.#.#### ###.### #.#
..#######.#....# #.....#
#.#
...............###3###.###
#.# #.#.....#.......@..#
z.# #.#
#.......#..##.####3###.#[#
#.# #.#####....##.#
#.4uu.#)# ##.## #.#
#.##.##.# #######u# ##.#.#
#.# #.##.##.# #.###.###.
#.# #)##.##.# #.##.## ##
#.#####.##.##.# #..)## #
#.......##.##.# #.)#.## ##
###..####.>...# #..##.###.


You could see a green ugly thing, an orange demon (burning), a ynoxinul and a
friendly smoke demon.

Vanquished Creatures
  A hill giant (D:11)
  A cyclops (D:11)
  A centaur skeleton (D:11)
  A spriggan (D:8)
  A wraith (D:10)
  2 vampire mosquitoes (D:9)
  2 hippogriffs (D:8)
  A water moccasin (D:6)
  2 sky beasts
  3 ice beasts
  A necrophage (D:6)
  A phantom (D:8)
  A black bear (D:8)
  4 ogres
  3 centaurs
  6 giant frogs
  A gnoll sergeant (D:5)
  2 scorpions
  A killer bee (D:9)
  6 wights (D:11)
  A howler monkey (D:6)
  3 crimson imps
  A giant frog zombie (D:6)
  A quasit (D:9)
  A giant frog skeleton (D:6)
  2 jellies
  2 hounds
  8 orc wizards
  2 orc priests
  Jessica (D:3)
  An iguana (D:6)
  2 worker ants
  A hound zombie (D:5)
  A hound skeleton (D:4)
  A howler monkey skeleton (D:4)
  A worker ant zombie (D:11)
  6 gnolls (D:5)
  12 adders
  An ooze (D:3)
  2 adder skeletons
  An adder zombie (D:8)
  4 worms
  A dart slug (D:4)
  A giant gecko (D:2)
  31 orcs
  2 giant cockroaches
  11 goblins
  12 hobgoblins
  10 jackals
  6 kobolds
  4 quokkas
  3 ball pythons
  5 bats
  A giant gecko skeleton (D:4)
  6 giant newts
  A jackal skeleton (D:4)
  10 rats
  A plant (D:7)
201 creatures vanquished.

Vanquished Creatures (collateral kills)
  An ugly thing (D:11)
  A hippogriff (D:11)
  A crimson imp (D:11)
  An orc (D:11)
4 creatures vanquished.

Grand Total: 205 creatures vanquished

Notes
Turn   | Place    | Note
--------------------------------------------------------------
     0 | D:1      | mikered the Minotaur Fighter began the quest for the Orb.
     0 | D:1      | Reached XP level 1. HP: 19/19 MP: 0/0
    56 | D:1      | Reached XP level 2. HP: 25/27 MP: 1/1
   428 | D:1      | Reached skill level 5 in Fighting
   448 | D:1      | Reached XP level 3. HP: 36/36 MP: 2/2
   782 | D:2      | Reached skill level 1 in Dodging
   928 | D:2      | Reached skill level 1 in Throwing
   928 | D:2      | Reached XP level 4. HP: 40/42 MP: 3/3
  1248 | D:2      | Reached skill level 3 in Axes
  1645 | D:3      | Noticed Jessica
  1655 | D:3      | Killed Jessica
  1655 | D:3      | Reached XP level 5. HP: 42/48 MP: 4/4
  1803 | D:3      | Found a sparkling altar of Nemelex Xobeh.
  1839 | D:3      | Found a shadowy altar of Dithmenos.
  1839 | D:3      | Found a radiant altar of Vehumet.
  2473 | D:4      | Noticed an ogre
  2482 | D:4      | Killed an ogre
  2482 | D:4      | Reached skill level 5 in Dodging
  2482 | D:4      | Reached XP level 6. HP: 56/56 MP: 5/5
  2493 | D:5      | Entered Level 5 of the Dungeon
  2513 | D:4      | Found Jotoxus's Assorted Antiques.
  2521 | D:4      | Bought a tapered copper wand for 116 gold pieces
  3026 | D:5      | Found a burning altar of Makhleb.
  3026 | D:5      | Noticed a balrug
  3029 | D:5      | Noticed a hellwing
  3029 | D:5      | Noticed a neqoxec
  3031 | D:5      | Became a worshipper of Makhleb the Destroyer
  3072 | D:5      | Reached XP level 7. HP: 39/61 MP: 6/6
  3513 | D:5      | Found a staircase to the Ecumenical Temple.
  3522 | Temple   | Entered the Ecumenical Temple
  4193 | D:6      | Found a shattered altar of Ashenzari.
  4277 | D:6      | Reached * piety under Makhleb
  4328 | D:6      | Reached XP level 8. HP: 68/68 MP: 7/7
  4729 | D:7      | Noticed a skeletal warrior
  4729 | D:7      | Noticed a skeletal warrior
  4729 | D:7      | Noticed a skeletal warrior
  5218 | D:6      | Reached ** piety under Makhleb
  5351 | D:6      | Reached skill level 4 in Axes
  5448 | D:6      | Found a shattered altar of Ashenzari.
  5502 | D:6      | Reached skill level 5 in Axes
  5767 | D:8      | Reached skill level 6 in Axes
  5793 | D:8      | Reached skill level 7 in Axes
  5935 | D:8      | Reached XP level 9. HP: 78/78 MP: 8/8
  5942 | D:8      | Reached skill level 8 in Axes
  5972 | D:8      | Reached skill level 9 in Axes
  6145 | D:9      | Reached skill level 10 in Axes
  6576 | D:9      | Found an iron altar of Okawaru.
  6612 | D:9      | Reached skill level 11 in Axes
  6803 | D:9      | Reached *** piety under Makhleb
  7046 | D:9      | Found Wogihus's Magic Scroll Boutique.
  7074 | D:10     | Entered Level 10 of the Dungeon
  7074 | D:10     | Noticed Snorg
  7086 | D:9      | Reached skill level 5 in Shields
  7144 | D:9      | Gained mutation: You expend magic power (3 MP) to strengthen your wands. [mutagenic meat]
  7145 | D:9      | Gained mutation: Your spells are a little easier to cast, but a little less powerful. [mutagenic meat]
  7146 | D:9      | Gained mutation: You have sharp fingernails. [mutagenic meat]
  7147 | D:9      | Gained mutation: Armour fits poorly on your strangely shaped body. [mutagenic meat]
  7271 | D:10     | Found Agiac's Book Shoppe.
  7305 | D:10     | Found a sacrificial altar of Ru.
  7323 | D:11     | Noticed a brown ugly thing
  7332 | D:11     | HP: 3/79 [acid (6)]
  7338 | D:11     | Killed a brown ugly thing
  7338 | D:11     | Reached XP level 10. HP: 5/86 MP: 3/9
  7735 | D:11     | Noticed a cyclops
  7750 | D:11     | Killed a cyclops
  7833 | D:11     | Noticed a hill giant
  7841 | D:11     | Killed a hill giant
  7841 | D:11     | Reached skill level 5 in Armour
  7895 | D:11     | Noticed a hill giant
  8175 | D:11     | Noticed a green ugly thing
  8232 | D:11     | Noticed an orange demon
  8239 | D:11     | Killed from afar by a ynoxinul

Skill      XL: |  1  2  3  4  5  6  7  8  9 10 |
---------------+-------------------------------+-----
Fighting       | 4 5 7 |  7.0
Dodging        | 2 5 6 8 |  8.8
Throwing       | 1 2 |  2.0
Axes           | 3 7 11 | 11.0
Armour         | 4 7 |  7.5
Shields        | 7 8 |  8.2

Action                   |  1- 3 |  4- 6 |  7- 9 | 10-12 || total
-------------------------+-------+-------+-------+-------++-------
Melee: War axe           |    84 |   129 |   281 |    73 ||   567
       Headbutt          |    12 |    23 |    51 |    14 ||   100
Throw: Tomahawk          |     4 |    18 |    19 |       ||    41
Invok: Lesser Servant of |       |       |     1 |     3 ||     4
       Minor Destruction |       |       |     1 |       ||     1
Evoke: Wand              |       |       |    14 |     1 ||    15
  Use: Scroll            |     5 |     4 |     9 |     2 ||    20
       Potion            |       |     8 |     5 |     1 ||    14
 Stab: Confused          |       |       |     1 |       ||     1
  Eat: Chunk             |       |     7 |    11 |       ||    18
       Bread ration      |       |       |     2 |       ||     2
       Royal jelly       |       |       |     1 |       ||     1
       Pizza             |       |       |       |     1 ||     1
Armor: Scale mail        |    30 |    26 |       |       ||    56
       Leather armour    |       |     7 |    43 |     9 ||    59
Dodge: Dodged            |    31 |    38 |   122 |    17 ||   208
Block: Shield            |    34 |    79 |   142 |    54 ||   309
